| TOP OF THE 1ST |
|
Kane County Cougars batting - Pitching for Dayton Dragons : RHP Narciso Umbelino
|
|
Pitching: RHP Narciso Umbelino
|
|
|
Batting: RHB Francisco Gutierrez
|
0-0: Called Strike 0-1: SINGLE (Line Drive, 8LS, EV 101.9 MPH)
|
|
Batting: SHB Blaine Peters
|
0-0: Ball 1-0: Ball Balk! Francisco Gutierrez to second 2-0: SINGLE (Line Drive, 3D, EV 99.4 MPH) Francisco Gutierrez to third
|
|
Batting: RHB Chad Mendoza
|
0-0: Ground out 4-3 (Groundball, 4MD, EV 83.1 MPH) Francisco Gutierrez scores Blaine Peters to second
|
|
Batting: LHB J.P. Olson
|
0-0: Called Strike 0-1: Ball 1-1: Fly out, F9 (Flyball, 9, EV 96.2 MPH) Runner from 2nd tags up, SAFE at 3rd with throw by RF
|
|
Batting: RHB Longfellow Wetzler
|
0-0: Ball 1-0: Ground out 1-3 (Groundball, 13S, EV 71.9 MPH)
|
| Top of the 1st over - 1 run, 2 hits, 0 errors, 1 left on base; Kane County 1 - Dayton 0 |
| BOTTOM OF THE 1ST |
|
Dayton Dragons batting - Pitching for Kane County Cougars : RHP Nobuo Okazaki
|
|
Pitching: RHP Nobuo Okazaki
|
|
|
Batting: LHB Leo Gomez
|
0-0: Ball 1-0: Ball 2-0: Called Strike 2-1: Ground out 6-3 (Groundball, 6M, EV 99.4 MPH)
|
|
Batting: LHB Matt Kennedy
|
0-0: Ball 1-0: Ground out U3 (Groundball, 34, EV 83.1 MPH)
|
|
Batting: LHB Chris Redhead
|
0-0: Ball 1-0: Foul Ball, location: 2F 1-1: Ball 2-1: Ball 3-1: Swinging Strike 3-2: Base on Balls
|
|
Batting: RHB Juan Zamora
|
0-0: SINGLE (Line Drive, 89S, EV 96.2 MPH) Chris Redhead to second
|
|
Batting: RHB Mark Williams
|
0-0: Fielders Choice at 2nd, 6-4 (Groundball, 6, EV 82.5 MPH)
|
| Bottom of the 1st over - 0 runs, 1 hit, 0 errors, 2 left on base; Kane County 1 - Dayton 0 |
| TOP OF THE 2ND |
|
Kane County Cougars batting - Pitching for Dayton Dragons : RHP Narciso Umbelino
|
|
Batting: RHB D.J. Cooke
|
0-0: Swinging Strike 0-1: Ball 1-1: DOUBLE (Flyball, 8LXD, EV 106.9 MPH)
|
|
Batting: RHB Dustin Legault
|
0-0: 2-RUN HOME RUN (Flyball, 9D, EV 98.1 MPH), Distance : 360 ft
|
|
Batting: RHB Gary Hills
|
0-0: Foul Ball, location: 2F 0-1: Foul Ball, location: 2F 0-2: Foul Ball, location: 2F 0-2: Ball 1-2: Strikes out swinging
|
|
Batting: LHB Enrique Ponce
|
0-0: Foul Ball, location: 2F 0-1: Foul Ball, location: 2F 0-2: Fly out, F7 (Line Drive, 7S, EV 111.2 MPH)
|
|
Batting: RHB Francisco Gutierrez
|
0-0: Swinging Strike 0-1: Fly out, F3 (Popup, 3SF, EV 85.6 MPH)
|
| Top of the 2nd over - 2 runs, 2 hits, 0 errors, 0 left on base; Kane County 3 - Dayton 0 |
| BOTTOM OF THE 2ND |
|
Dayton Dragons batting - Pitching for Kane County Cougars : RHP Nobuo Okazaki
|
|
Batting: LHB Ray Walden
|
0-0: Foul Ball, location: 2F 0-1: Fly out, F9 (Flyball, 9S, EV 77.5 MPH)
|
|
Batting: RHB Chris Zamora
|
0-0: Ball 1-0: Swinging Strike 1-1: Ball 2-1: Swinging Strike 2-2: Strikes out swinging
|
|
Batting: RHB Aaron Barraza
|
0-0: Ball 1-0: Ball 2-0: Called Strike 2-1: Called Strike 2-2: Strikes out swinging
|
| Bottom of the 2nd over - 0 runs, 0 hits, 0 errors, 0 left on base; Kane County 3 - Dayton 0 |
| TOP OF THE 3RD |
|
Kane County Cougars batting - Pitching for Dayton Dragons : RHP Narciso Umbelino
|
|
Batting: SHB Blaine Peters
|
0-0: Ball 1-0: Ball 2-0: Ball 3-0: Called Strike 3-1: Ground out 6-3 (Groundball, 4M, EV 102.5 MPH)
|
|
Batting: RHB Chad Mendoza
|
0-0: Called Strike 0-1: SINGLE (Groundball, 4MD, EV 107.5 MPH)
|
|
Batting: LHB J.P. Olson
|
0-0: Swinging Strike 0-1: SINGLE (Groundball, 34, EV 96.9 MPH) Chad Mendoza to second Runner from 2nd tries for 3rd, SAFE, throw by RF made to third
|
|
Batting: RHB Longfellow Wetzler
|
0-0: Ball 1-0: Ball 2-0: Ball 3-0: Base on Balls J.P. Olson to second
|
|
Batting: RHB D.J. Cooke
|
0-0: Called Strike 0-1: Ball 1-1: Swinging Strike 1-2: Strikes out swinging
|
|
Batting: RHB Dustin Legault
|
0-0: Called Strike 0-1: Foul Ball, location: 2F 0-2: Ball 1-2: Ball 2-2: Foul Ball, location: 2F 2-2: Ball 3-2: GRAND SLAM HOME RUN (Flyball, 7D, EV 95.6 MPH), Distance : 376 ft
|
|
Pitching: RHP Aaron McArdle
|
|
|
Batting: RHB Gary Hills
|
0-0: Swinging Strike 0-1: Foul Ball, location: 2F 0-2: Foul Ball, location: 2F 0-2: Ball 1-2: Fly out, F9 (Flyball, 9LM, EV 88.8 MPH)
|
| Top of the 3rd over - 4 runs, 3 hits, 0 errors, 0 left on base; Kane County 7 - Dayton 0 |
| BOTTOM OF THE 3RD |
|
Dayton Dragons batting - Pitching for Kane County Cougars : RHP Nobuo Okazaki
|
|
Batting: RHB Yutaka Sato
|
0-0: Ball 1-0: Foul Ball, location: 2F 1-1: Foul Ball, location: 2F 1-2: Foul Ball, location: 2F 1-2: SINGLE (Groundball, 56, EV 94.4 MPH)
|
|
Batting: LHB Leo Gomez
|
0-0: Called Strike Yutaka Sato steals 2nd, throwing error, E2 Yutaka Sato to third 0-1: Foul Ball, location: 2F 0-2: 2-RUN HOME RUN (Flyball, 78XD, EV 110.6 MPH), Distance : 400 ft
|
|
Batting: LHB Matt Kennedy
|
0-0: Called Strike 0-1: Ball 1-1: Ball 2-1: Foul Ball, location: 2F 2-2: Ball 3-2: DOUBLE (Line Drive, 7LS, EV 101.9 MPH)
|
|
Batting: LHB Chris Redhead
|
0-0: Ball 1-0: Foul Ball, location: 2F 1-1: Called Strike 1-2: Foul Ball, location: 2F 1-2: Foul Ball, location: 2F 1-2: Ball 2-2: Foul Ball, location: 2F 2-2: DOUBLE (Flyball, 78D, EV 97.5 MPH) Matt Kennedy scores
|
|
Batting: RHB Juan Zamora
|
0-0: Called Strike 0-1: Called Strike 0-2: Ball 1-2: Foul Ball, location: 2F 1-2: Ground out 5-3 (Groundball, 56S, EV 75.0 MPH) Chris Redhead to third
|
|
Batting: RHB Mark Williams
|
0-0: Swinging Strike 0-1: Called Strike 0-2: Ball 1-2: Ball 2-2: Ball 3-2: Ground out U3 (Groundball, 34S, EV 67.5 MPH) Chris Redhead scores
|
|
Batting: LHB Ray Walden
|
0-0: Ball 1-0: Ground out 3-1 (Groundball, 13, EV 88.1 MPH)
|
| Bottom of the 3rd over - 4 runs, 4 hits, 1 error, 0 left on base; Kane County 7 - Dayton 4 |
| TOP OF THE 4TH |
|
Kane County Cougars batting - Pitching for Dayton Dragons : RHP Aaron McArdle
|
|
Batting: LHB Enrique Ponce
|
0-0: Ball 1-0: Called Strike 1-1: Swinging Strike 1-2: Ball 2-2: Strikes out swinging
|
|
Batting: RHB Francisco Gutierrez
|
0-0: Ball 1-0: Ground out 5-3 (Groundball, 56, EV 80.6 MPH)
|
|
Batting: SHB Blaine Peters
|
0-0: Ball 1-0: Ball 2-0: SINGLE (Groundball, 5S, EV 70.6 MPH) (infield hit)
|
|
Batting: RHB Chad Mendoza
|
0-0: Ball Blaine Peters steals 2nd base 1-0: Ball 2-0: Ground out 4-3 (Groundball, 4, EV 104.4 MPH)
|
| Top of the 4th over - 0 runs, 1 hit, 0 errors, 1 left on base; Kane County 7 - Dayton 4 |
| BOTTOM OF THE 4TH |
|
Dayton Dragons batting - Pitching for Kane County Cougars : RHP Nobuo Okazaki
|
|
Batting: RHB Chris Zamora
|
0-0: Fly out, F9 (Flyball, 9, EV 95.0 MPH)
|
|
Batting: RHB Aaron Barraza
|
0-0: Called Strike 0-1: SINGLE (Line Drive, 6MD, EV 103.1 MPH)
|
|
Batting: RHB Yutaka Sato
|
0-0: Fly out, F8 (Flyball, 8LM, EV 79.4 MPH)
|
|
Batting: LHB Leo Gomez
|
0-0: Ball 1-0: Foul Ball, location: 2F 1-1: SINGLE (Line Drive, 7S, EV 104.4 MPH) Aaron Barraza to second
|
|
Batting: LHB Matt Kennedy
|
0-0: Ball Wild Pitch! Aaron Barraza to third Leo Gomez to second 1-0: Called Strike 1-1: Ground out 4-3 (Groundball, 4MD, EV 83.1 MPH)
|
| Bottom of the 4th over - 0 runs, 2 hits, 0 errors, 2 left on base; Kane County 7 - Dayton 4 |
| TOP OF THE 5TH |
|
Kane County Cougars batting - Pitching for Dayton Dragons : RHP Aaron McArdle
|
|
Batting: LHB J.P. Olson
|
0-0: Ball 1-0: Ball 2-0: Ball 3-0: Base on Balls
|
|
Batting: RHB Longfellow Wetzler
|
0-0: Ball 1-0: Called Strike J.P. Olson steals 2nd, throwing error, E2 J.P. Olson to third 1-1: Ball 2-1: Swinging Strike 2-2: Ground out 6-3 (Groundball, 6, EV 86.9 MPH)
|
|
Batting: RHB D.J. Cooke
|
0-0: Foul Ball, location: 2F 0-1: Called Strike 0-2: Ball 1-2: Foul Ball, location: 2F 1-2: Ball 2-2: Ball 3-2: Strikes out swinging
|
|
Batting: RHB Dustin Legault
|
0-0: Called Strike 0-1: Ball 1-1: Ball 2-1: Foul Ball, location: 2F 2-2: Hit by Pitch
|
|
Pitching: RHP Amador Sadaba
|
|
|
Batting: RHB Gary Hills
|
0-0: Called Strike 0-1: Fly out, F8 (Flyball, 8RS, EV 90.0 MPH)
|
| Top of the 5th over - 0 runs, 0 hits, 1 error, 2 left on base; Kane County 7 - Dayton 4 |
| BOTTOM OF THE 5TH |
|
Dayton Dragons batting - Pitching for Kane County Cougars : RHP Nobuo Okazaki
|
|
Batting: LHB Chris Redhead
|
0-0: Ball 1-0: Ground out U3 (Groundball, 3S, EV 68.8 MPH)
|
|
Batting: RHB Juan Zamora
|
0-0: Called Strike 0-1: SINGLE (Line Drive, 8LS, EV 97.5 MPH)
|
|
Batting: RHB Mark Williams
|
0-0: Called Strike 0-1: Foul Ball, location: 2F 0-2: Ball 1-2: Foul Ball, location: 2F 1-2: Ball 2-2: Fly out, F7 (Flyball, 7D, EV 86.9 MPH)
|
|
Batting: LHB Ray Walden
|
0-0: Ball 1-0: Called Strike 1-1: Ball Juan Zamora is caught stealing 2nd base 2-6
|
| Bottom of the 5th over - 0 runs, 1 hit, 0 errors, 0 left on base; Kane County 7 - Dayton 4 |
| TOP OF THE 6TH |
|
Kane County Cougars batting - Pitching for Dayton Dragons : RHP Amador Sadaba
|
|
Batting: LHB Enrique Ponce
|
0-0: Foul Ball, location: 2F 0-1: Fly out, F5 (Popup, 6S, EV 70.0 MPH)
|
|
Batting: RHB Francisco Gutierrez
|
0-0: Ground out 6-3 (Groundball, 6, EV 90.6 MPH)
|
|
Batting: SHB Blaine Peters
|
0-0: Ball 1-0: Called Strike 1-1: Fly out, F7 (Flyball, 7, EV 85.0 MPH)
|
| Top of the 6th over - 0 runs, 0 hits, 0 errors, 0 left on base; Kane County 7 - Dayton 4 |
| BOTTOM OF THE 6TH |
|
Dayton Dragons batting - Pitching for Kane County Cougars : RHP Nobuo Okazaki
|
|
Batting: LHB Ray Walden
|
0-0: Ball 1-0: Foul Ball, location: 2F 1-1: SINGLE (Line Drive, 4M, EV 99.4 MPH)
|
|
Batting: RHB Chris Zamora
|
0-0: Ball Ray Walden is caught stealing 2nd base 2-4 1-0: Foul Ball, location: 2F 1-1: Ball 2-1: Ball 3-1: Foul Ball, location: 2F 3-2: SINGLE (Groundball, 6MD, EV 96.2 MPH)
|
|
Batting: RHB Aaron Barraza
|
0-0: Called Strike 0-1: DOUBLE (Line Drive, 9LS, EV 115.6 MPH) Chris Zamora to third
|
|
Batting: RHB Yutaka Sato
|
0-0: Swinging Strike 0-1: Ground out 4-3 (Groundball, 4S, EV 84.4 MPH) Chris Zamora scores Aaron Barraza to third
|
|
Pitching: LHP Jeff Haight
|
|
|
Batting: LHB Leo Gomez
|
0-0: Foul Ball, location: 2F 0-1: Swinging Strike 0-2: Ball 1-2: Fly out, F7 (Flyball, 78XD, EV 94.4 MPH)
|
| Bottom of the 6th over - 1 run, 3 hits, 0 errors, 1 left on base; Kane County 7 - Dayton 5 |
| TOP OF THE 7TH |
|
Kane County Cougars batting - Pitching for Dayton Dragons : RHP Amador Sadaba
|
|
Batting: RHB Chad Mendoza
|
0-0: Called Strike 0-1: Called Strike 0-2: Ball 1-2: Ground out 6-3 (Groundball, 4MD, EV 103.8 MPH)
|
|
Batting: LHB J.P. Olson
|
0-0: Ball 1-0: Ball 2-0: Called Strike 2-1: Ball 3-1: Swinging Strike 3-2: Base on Balls
|
|
Batting: RHB Longfellow Wetzler
|
0-0: Called Strike J.P. Olson steals 2nd base 0-1: Ball 1-1: Foul Ball, location: 2F 1-2: Ball 2-2: Strikes out swinging
|
|
Batting: RHB D.J. Cooke
|
0-0: Ball 1-0: Ball 2-0: Ball 3-0: Base on Balls
|
|
Pitching: RHP Ken Armstrong
|
|
|
Batting: RHB Dustin Legault
|
0-0: Swinging Strike 0-1: Foul Ball, location: 2F 0-2: Ball 1-2: Strikes out swinging, 2-3 out at first.
|
| Top of the 7th over - 0 runs, 0 hits, 0 errors, 2 left on base; Kane County 7 - Dayton 5 |
| BOTTOM OF THE 7TH |
|
Dayton Dragons batting - Pitching for Kane County Cougars : LHP Jeff Haight
|
|
Pinch Hitting: RHB Jake Savell
|
0-0: Called Strike 0-1: Called Strike 0-2: Strikes out swinging
|
|
Pinch Hitting: RHB Travis Petrick
|
0-0: Called Strike 0-1: Ball 1-1: Called Strike 1-2: Foul Ball, location: 2F 1-2: Foul Ball, location: 2F 1-2: Ground out U3 (Groundball, 3, EV 105.0 MPH)
|
|
Batting: RHB Juan Zamora
|
0-0: Foul Ball, location: 2F 0-1: Ball 1-1: Swinging Strike 1-2: Ball 2-2: Fly out, F8 (Flyball, 8LS, EV 73.8 MPH)
|
| Bottom of the 7th over - 0 runs, 0 hits, 0 errors, 0 left on base; Kane County 7 - Dayton 5 |
| TOP OF THE 8TH |
|
Kane County Cougars batting - Pitching for Dayton Dragons : RHP Ken Armstrong
|
|
Now in LF: Jake Savell
|
|
|
Now in RF: Tim Kirk
|
|
|
Batting: RHB Gary Hills
|
0-0: Ball 1-0: Foul Ball, location: 2F 1-1: Called Strike 1-2: Ball 2-2: Strikes out swinging
|
|
Batting: LHB Enrique Ponce
|
0-0: Foul Ball, location: 2F 0-1: Ball 1-1: Ground out U3 (Groundball, 34, EV 104.4 MPH)
|
|
Batting: RHB Francisco Gutierrez
|
0-0: Fly out, F9 (Flyball, 9LS, EV 89.4 MPH)
|
| Top of the 8th over - 0 runs, 0 hits, 0 errors, 0 left on base; Kane County 7 - Dayton 5 |
| BOTTOM OF THE 8TH |
|
Dayton Dragons batting - Pitching for Kane County Cougars : LHP Jeff Haight
|
|
Pitching: RHP Sam Lewis
|
|
|
Batting: RHB Mark Williams
|
0-0: Called Strike 0-1: Fly out, F7 (Flyball, 7D, EV 78.8 MPH)
|
|
Batting: LHB Ray Walden
|
0-0: Ball 1-0: Ball 2-0: Called Strike 2-1: Ball 3-1: Called Strike 3-2: SINGLE (Groundball, 34S, EV 67.5 MPH) (infield hit)
|
|
Batting: RHB Chris Zamora
|
0-0: Called Strike 0-1: Swinging Strike 0-2: SINGLE (Groundball, 56, EV 98.1 MPH) (infield hit) Ray Walden to second
|
|
Batting: RHB Aaron Barraza
|
0-0: Called Strike 0-1: Called Strike 0-2: Ball 1-2: Ball 2-2: SINGLE (Line Drive, 8RS, EV 93.8 MPH) Ray Walden to third Chris Zamora to second
|
|
Pinch Hitting: LHB Jeremy Robertson
|
0-0: Ball 1-0: Ball 2-0: Ball 3-0: Called Strike 3-1: Foul Ball, location: 2F 3-2: Fly out, F5 (Popup, 56, EV 70.0 MPH)
|
|
Batting: LHB Leo Gomez
|
0-0: Ball 1-0: Fielders Choice at 2nd, U6 (Groundball, 6M, EV 106.2 MPH)
|
| Bottom of the 8th over - 0 runs, 3 hits, 0 errors, 3 left on base; Kane County 7 - Dayton 5 |
| TOP OF THE 9TH |
|
Kane County Cougars batting - Pitching for Dayton Dragons : RHP Ken Armstrong
|
|
Now at 2B: Jeremy Robertson
|
|
|
Batting: SHB Blaine Peters
|
0-0: Swinging Strike 0-1: Ground out U3 (Groundball, 3, EV 88.8 MPH)
|
|
Batting: RHB Chad Mendoza
|
0-0: Called Strike 0-1: SOLO HOME RUN (Flyball, 78XD, EV 99.4 MPH), Distance : 393 ft
|
|
Batting: LHB J.P. Olson
|
0-0: Called Strike 0-1: Ball 1-1: Swinging Strike 1-2: Foul Ball, location: 2F 1-2: Ball 2-2: SINGLE (Flyball, 89S, EV 90.6 MPH)
|
|
Batting: RHB Longfellow Wetzler
|
0-0: Called Strike 0-1: Ball 1-1: Foul Ball, location: 2F 1-2: Ball 2-2: Foul Ball, location: 2F 2-2: Strikes out swinging
|
|
Batting: RHB D.J. Cooke
|
0-0: Called Strike 0-1: Swinging Strike 0-2: Ball 1-2: Ball 2-2: Strikes out looking
|
| Top of the 9th over - 1 run, 2 hits, 0 errors, 1 left on base; Kane County 8 - Dayton 5 |
| BOTTOM OF THE 9TH |
|
Dayton Dragons batting - Pitching for Kane County Cougars : RHP Sam Lewis
|
|
Pitching: LHP Josh Hubbard
|
|
|
Batting: RHB Jake Savell
|
0-0: Called Strike 0-1: Ball 1-1: Called Strike 1-2: Foul Ball, location: 2F 1-2: Strikes out swinging
|
|
Pinch Hitting: RHB Andy Bachman
|
0-0: Ball 1-0: Called Strike 1-1: Ball 2-1: Foul Ball, location: 2F 2-2: Ball 3-2: Strikes out swinging
|
|
Batting: RHB Juan Zamora
|
0-0: Called Strike 0-1: Foul Ball, location: 2F 0-2: Strikes out swinging
|
| Bottom of the 9th over - 0 runs, 0 hits, 0 errors, 0 left on base; Kane County 8 - Dayton 5 |
|